 Dungeon Crawl Stone Soup version 0.19-a0-1740-g0bcaf2e (webtiles) character file.

556 Amnesiac the Magician (level 7, -2/36 HPs)
             Began as a Deep Elf Earth Elementalist on Oct 2, 2016.
             Slain by Duvessa
             ... wielding a +0 rapier
              (7 damage)
             ... on level 4 of the Dungeon.
             The game lasted 00:03:14 (1789 turns).

Amnesiac the Magician (Deep Elf Earth Elementalist) Turns: 1789, Time: 00:03:15

Health: -2/36      AC:  3    Str:  5    XL:     7   Next: 8%
Magic:  12/19      EV: 13    Int: 20    God:
Gold:   114        SH:  0    Dex: 17    Spells: 3 memorised, 12 levels left

rFire  . . .     SeeInvis .     b - 86 stones
rCold  . . .     Gourm    .     c - +0 robe
rNeg   . . .     Faith    .     (no shield)
rPois  .         Spirit   .     m - +0 helmet
rElec  .         Dismiss  .     (no cloak)
rCorr  .         Reflect  .     (no gloves)
MR     .....     Harm     .     (no boots)
Stlth  ++........               (no amulet)
                                (no ring)
                                (no ring)

@: no status effects
A: no striking features
a: no special abilities


You were on level 4 of the Dungeon.
You were not hungry.

You visited 1 branch of the dungeon, and saw 4 of its levels.

You collected 114 gold pieces.

Inventory:

Missiles
 b - 86 stones (in hand)
Armour
 c - a +0 robe (worn)
 m - a +0 helmet (worn)
Scrolls
 a - a scroll of remove curse
 h - a scroll of identify
 j - a scroll of amnesia {unknown}
 k - a scroll of enchant armour {unknown}
 l - a scroll of noise {unknown}
 n - a scroll of random uselessness {unknown}
Potions
 p - a potion of might {unknown}
 q - a potion of lignification
Books
 e - a book of Geomancy

   Spells                             Type                      Level
   a - Sandblast                      Earth                        1
   b - Passwall                       Transmutation/Earth          2
   c - Stone Arrow                    Conjuration/Earth            3
   d - Petrify                        Transmutation/Earth          4
   e - Lee's Rapid Deconstruction     Earth                        5
Comestibles
 d - 4 bread rations
 f - 4 fruits
 g - a meat ration
 i - 2 beef jerkies


   Skills:
 - Level 2.4 Dodging
 - Level 2.4 Stealth
 + Level 6.9 Spellcasting
 - Level 6.0 Transmutations
 - Level 4.0 Earth Magic


You had 12 spell levels left.
You knew the following spells:

 Your Spells              Type           Power        Failure   Level  Hunger
e - Petrify               Tmut/Erth      ####....     14%         4    ###....
f - Sandblast             Erth           ###...       1%          1    None
v - Passwall              Tmut/Erth      ####......   1%          2    None


Dungeon Overview and Level Annotations

Branches:
Dungeon (4/15)
 Temple: D:4-7

Altars:
Yredelemnul

Annotations:
D:4 Dowan, Duvessa


Message History

Duvessa hits you with a rapier!
Dowan casts a spell.
Dowan blinks!
Unknown command.
Casting: Sandblast
Confirm with . or Enter, or press ? or * to list all spells.
Aiming: Sandblast
Press: ? - help, Shift-Dir - straight line, f/p - Duvessa
Aim: Duvessa, wielding a rapier and wearing a ring mail (heavily wounded, fast)
The rocky blast hits Duvessa.
Duvessa is severely wounded.
Duvessa completely misses you. Duvessa hits you with a rapier!
* * * LOW HITPOINT WARNING * * *
Dowan barely misses you.
Unknown command.
An adder comes into view.
Dowan gestures wildly while chanting.
Dowan blinks!
Duvessa hits you with a rapier!
You die...

##########
#######.......[#########
........#####...........
...................####.
####..#######...#....##.
######..### #...........
#.......e.# #..#.###.#..
..####..#@# #..#.# #....
#..#.# #..#.# ###..
#.##.# #..#.# #.. #. #S#
#..#.# #.. #. #.# #.....
... .. #.# ##.#.# ##. ?.
#.# .. ... #W #.


You could see Duvessa and an adder (wandering).

Vanquished Creatures
  The ghost of Amnesiac the Magician, an amateur DEEE (D:4)
  Sigmund (D:4)
  2 orc priests (D:4)
  A centaur skeleton (D:4)
  An orc wizard (D:4)
  Jessica (D:2)
  Robin (D:2)
  An adder (D:2)
  2 worms (D:2)
  2 leopard geckos (D:4)
  7 orcs (D:4)
  12 goblins (D:2)
  6 hobgoblins
  A quokka (D:2)
  4 bats (D:2)
  2 frilled lizards
  A kobold (D:3)
  A quokka skeleton (D:4)
  A spectral orc (D:2)
48 creatures vanquished.

Notes
Turn   | Place    | Note
-------+----------+-------------------------------------------
     0 | D:1      | Amnesiac the Deep Elf Earth Elementalist began the quest for the Orb.
     0 | D:1      | Reached XP level 1. HP: 10/10 MP: 6/6
   133 | D:2      | Noticed Terence
   182 | D:2      | Reached XP level 2. HP: 15/15 MP: 5/8
   206 | D:2      | Learned a level 2 spell: Passwall
   279 | D:2      | Noticed Jessica
   280 | D:2      | Killed Jessica
   280 | D:2      | Reached XP level 3. HP: 19/19 MP: 7/9
   317 | D:2      | Found a basalt altar of Yredelemnul.
   547 | D:2      | Noticed Robin
   573 | D:2      | Killed Robin
   703 | D:2      | Reached XP level 4. HP: 21/24 MP: 7/10
   715 | D:2      | Learned a level 4 spell: Petrify
   866 | D:4      | Noticed Sigmund
   873 | D:4      | Killed Sigmund
   873 | D:4      | Reached skill level 5 in Transmutations
   873 | D:4      | Reached XP level 5. HP: 5/28 MP: 3/11
  1201 | D:4      | Noticed Amnesiac's ghost (amateur DEEE)
  1227 | D:4      | Killed Amnesiac's ghost
  1227 | D:4      | Reached skill level 5 in Spellcasting
  1227 | D:4      | Reached XP level 6. HP: 14/32 MP: 5/16
  1428 | D:4      | Reached XP level 7. HP: 17/36 MP: 8/18
  1763 | D:4      | Noticed Duvessa
  1781 | D:4      | Noticed Dowan
  1789 | D:4      | Slain by Duvessa

Vault maps used:
D:1:      lightli_arrival_boilingwater
D:2:      yredelemnul_forgotten_temple_becter, uniq_robin, uniq_jessica,
          uniq_terence
D:3:      ecumenical_altar_2, grunt_ministairs_3, minmay_misc_feat_five
D:4:      first_bread, uniq_duvessa, uniq_sigmund, uniq_crazy_yiuf_cottage

Skill      XL: |  1  2  3  4  5  6 |
---------------+-------------------+-----
Earth Magic    | 4 |  4.0
Transmutations | 2 3 5 6 |  6.0
Spellcasting   | 5 6 |  6.9
Dodging        | |  2.4
Stealth        | |  2.4

Action                   |  1- 3 |  4- 6 |  7- 9 || total
-------------------------+-------+-------+-------++-------
 Cast: Sandblast         |    40 |    33 |    17 ||    90
       Passwall          |       |       |     1 ||     1
  Use: Scroll            |       |       |     2 ||     2
       Potion            |       |       |     1 ||     1
  Eat: Chunk             |       |     1 |     1 ||     2
Armor: Robe              |     4 |       |       ||     4
Dodge: Dodged            |     3 |     4 |     7 ||    14
